 Dungeon Crawl Stone Soup version 0.27.0-1-g7a08968 (webtiles) character file.

Game seed: 3460202846117288206

23062 alexhoolio the Severer (level 12, -4/110 HPs)
             Began as a Minotaur Berserker on Nov 29, 2021.
             Was an Elder of Trog.
             Slain by Jorgrun (9 damage)
             ... on level 12 of the Dungeon.
             The game lasted 00:46:36 (13427 turns).

alexhoolio the Severer (Minotaur Berserker)        Turns: 13427, Time: 00:46:39

Health: -4/110     AC: 15    Str: 29    XL:     12   Next: 68%
Magic:  11/11      EV:  8    Int:  4    God:    Trog [****..]
Gold:   734        SH:  5    Dex: 11    Spells: 11/11 levels left

rFire    . . .     SeeInvis .   U - +3 war axe
rCold    . . .     Faith    .   (no shield)
rNeg     . . .     Spirit   .   G - +0 plate armour
rPois    +         Reflect  +   (helmet restricted)
rElec    .         Harm     .   s - +0 cloak
rCorr    .         Rampage  .   H - +1 pair of gloves {Str+3}
Will     ++...                  (no boots)
Stlth    ..........             I - amulet of reflection
HPRegen  1.28/turn              C - ring of poison resistance
MPRegen  0.12/turn              (no ring)

@: grasped by roots, strong-willed, corroded, on berserk cooldown, regenerating,
slowed, constricted, very slow
A: horns 2, retaliatory headbutt
a: Renounce Religion, Berserk, Trog's Hand, Brothers in Arms


You were on level 12 of the Dungeon.
You worshipped Trog.
Trog was greatly pleased with you.
You visited 2 branches of the dungeon, and saw 13 of its levels.

You collected 907 gold pieces.
You spent 173 gold pieces at shops.

Inventory:

Hand Weapons
 U - a +3 war axe (weapon)
Missiles
 l - 11 javelins (quivered)
 t - 2 throwing nets
Armour
 s - a +0 cloak (worn)
 E - a +2 leather armour of willpower
 G - a +0 plate armour (worn)
 H - a +1 pair of gloves of strength (worn)
Jewellery
 B - an amulet of the acrobat
 C - a ring of poison resistance (left hand)
 F - an amulet of guardian spirit
 I - an amulet of reflection (around neck)
 L - an amulet of faith
 O - a ring of ice
Wands
 j - a wand of flame (16)
 x - a wand of charming (11)
 y - a wand of iceblast (22)
 P - a wand of polymorph (6)
 R - a wand of acid (3)
Scrolls
 b - 16 scrolls of identify
 c - 2 scrolls of enchant armour {unknown}
 d - 3 scrolls of magic mapping {unknown}
 g - a scroll of brand weapon {unknown}
 h - 3 scrolls of amnesia {unknown}
 m - 5 scrolls of enchant weapon {unknown}
 p - a scroll of torment {unknown}
 r - a scroll of acquirement {unknown}
 u - 3 scrolls of noise {unknown}
 w - 4 scrolls of fog {unknown}
 z - a scroll of fear {unknown}
 A - a scroll of blinking {unknown}
 M - 2 scrolls of vulnerability {unknown}
 N - 5 scrolls of teleportation {unknown}
 Q - a scroll of holy word {unknown}
Potions
 a - a potion of haste {unknown}
 e - a potion of heal wounds
 f - a potion of attraction {unknown}
 i - 4 potions of resistance {unknown}
 k - 8 potions of curing
 n - a potion of flight {unknown}
 o - 7 potions of brilliance {unknown}
 q - a potion of ambrosia {unknown}
 v - 2 potions of lignification {unknown}
 D - a potion of degeneration {unknown}
 T - a potion of mutation {unknown}
Miscellaneous
 J - a tin of tremorstones (2/2)
 K - a tin of tremorstones (2/2)
 S - a lightning rod (4/4)


   Skills:
 + Level 11.6 Fighting
 - Level 16.2 Axes
 - Level 2.1(11.1) Maces & Flails
 + Level 11.3 Armour
 + Level 10.5 Dodging


You had 11 spell levels left.
You didn't know any spells.
Your spell library was empty.

Dungeon Overview and Level Annotations

Branches:
Dungeon (12/15)            Temple (1/1) D:5            Lair (0/6) D:11
    Orc (0/2) D:10

Altars:
Ashenzari
Cheibriados
Dithmenos
Elyvilon
Fedhas
Gozag
Hepliaklqana
Kikubaaqudgha
Makhleb
Nemelex Xobeh
Okawaru
Qazlal
Ru
Sif Muna
Trog
Uskayaw
Vehumet
Wu Jian
Xom
Yredelemnul
Zin
The Shining One

Shops:
D:1 [   D:8 *   D:10 **

Annotations:
D:7 3 runed translucent doors, geeeeen's ghost, novice FeTm
D:12 Jorgrun


Innate Abilities, Weirdness & Mutations

You have a pair of horns on your head.
You reflexively headbutt those who attack you in melee.


Message History

The splash of acid hits you!
You are splashed with acid!
Jorgrun hits you with a +0 vorpal quarterstaff!
Your ogre misses Jorgrun. You hit Jorgrun.
Jorgrun is heavily wounded.
You barely miss the acid dragon. The acid dragon barely misses you.
The acid dragon claws you but does no damage.
Jorgrun casts a spell at you.
The wall shatters!
The blast of rock fragments hits you!!
* * * LOW HITPOINT WARNING * * *
Your ogre completely misses Jorgrun.
Your ogre barely misses Jorgrun.
The acid dragon barely misses your ogre.
The acid dragon claws your ogre. Jorgrun casts a spell at you.
The iron shot hits your ogre!!!
Your ogre dies!
Your ogre's corpse disappears in a puff of smoke!
The acid dragon spits acid at you.
The splash of acid hits you but does no damage.
The acid corrodes you!
You are splashed with acid!
* * * LOW HITPOINT WARNING * * *
You feel much better. Jorgrun gestures at you while chanting.
Roots burst forth from the earth!
The grasping roots grab you!
* * * LOW HITPOINT WARNING * * *
The grasping roots constrict you! The acid dragon spits acid at you.
The splash of acid misses you.
* * * LOW HITPOINT WARNING * * *
The grasping roots constrict you!
You feel much better.
Jorgrun hits you with a +0 vorpal quarterstaff.
* * * LOW HITPOINT WARNING * * *
x3 The grasping roots constrict you!
The acid dragon bites you!
* * * LOW HITPOINT WARNING * * *
The acid dragon claws you but does no damage.
Jorgrun hits you with a +0 vorpal quarterstaff!
You die...

)..............#
...............#
##........######
#........#
#........#
#..####..# #..#
#..# #..# #..#
#.@####..#
#Dg......#
#.T......#
.........####..#
.........# #..#
.........# #..#
.........# #..#
.........# #..#
.........# #..#


You could see Jorgrun, a troll and an acid dragon.

Vanquished Creatures
  An ogre mage (D:10)
  A centaur warrior (D:10)
  A death knight (D:9)
  9 two-headed ogres
  A skeletal warrior (D:10)
  An ugly thing (D:12)
  3 cyclopes
  A gargoyle (D:8)
  2 unseen horrors
  2 komodo dragons (D:11)
  A troll (D:10)
  A slime creature (D:8)
  2 wraiths (D:8)
  2 shadows
  Sigmund (D:3)
  A vampire (D:10)
  A wyvern (D:7)
  26 yaks
  2 steam dragons
  2 wargs (D:10)
  5 water moccasins
  5 orc warriors
  A black bear (D:4)
  4 sky beasts
  4 ogres
  A hornet zombie (D:7)
  8 centaurs
  4 kobold brigands
  Blork the orc (D:4)
  A wyvern zombie (D:8)
  7 bullfrogs
  3 gnoll sergeants (D:10)
  A scorpion (D:7)
  2 water moccasin skeletons
  12 killer bees
  16 wights
  2 electric eels (D:6)
  2 centaur zombies
  6 jellies
  4 hounds
  5 orc priests
  A centaur skeleton (D:5)
  Crazy Yiuf (D:3)
  3 bullfrog skeletons
  A gnoll shaman (D:7)
  Jessica (D:2)
  Natasha (thrice) (D:2)
  A scorpion zombie (D:5)
  An iguana (D:5)
  10 orc wizards
  A hound skeleton (D:4)
  3 howler monkey zombies
  Robin (D:3)
  3 gnolls (D:7)
  11 adders
  4 white imps
  An ufetubus (D:4)
  An adder skeleton (D:4)
  2 worms
  The ghost of everene the Sneak, a weakling OpDe (D:5)
  4 dart slugs
  34 orcs
  8 ball pythons
  6 bats
  11 endoplasms
  3 giant cockroaches
  20 goblins
  15 hobgoblins
  8 jackals (D:1)
  21 kobolds
  7 quokkas
  2 frilled lizards (D:3)
  A rat (D:2)
345 creatures vanquished.

Vanquished Creatures (collateral kills)
  Grinder (D:6)
  A troll (D:8)
2 creatures vanquished.

Vanquished Creatures (others)
  14 fungi (D:11)
  17 plants
31 creatures vanquished.

Grand Total: 378 creatures vanquished

Notes
Turn   | Place    | Note
-------+----------+-------------------------------------------
     0 | D:1      | alexhoolio the Minotaur Berserker began the quest for the
                  | Orb.
     0 | D:1      | Reached XP level 1. HP: 19/19 MP: 0/0
   129 | D:1      | Reached skill level 4 in Axes
   138 | D:1      | Reached XP level 2. HP: 20/26 MP: 1/1
   394 | D:1      | You fall into a shaft and drop 1 floor!
   426 | D:1      | You fall into a shaft and drop 1 floor!
   431 | D:2      | Noticed Jessica
   453 | D:2      | Killed Jessica
   454 | D:2      | Reached skill level 5 in Axes
   454 | D:2      | Reached XP level 3. HP: 31/31 MP: 2/2
   730 | D:2      | Reached skill level 6 in Axes
   730 | D:2      | Reached XP level 4. HP: 39/39 MP: 3/3
   749 | D:2      | Reached ** piety under Trog
   783 | D:2      | Noticed Natasha
   789 | D:2      | Killed Natasha
   853 | D:2      | Noticed Natasha
   861 | D:2      | Killed Natasha
   923 | D:2      | Found a faded altar of an unknown god.
   988 | D:2      | Noticed Natasha
   994 | D:2      | Killed Natasha
   995 | D:2      | Reached skill level 7 in Axes
   995 | D:2      | Reached XP level 5. HP: 45/45 MP: 4/4
  1799 | D:1      | Found Uhopre's Antique Armour Shoppe.
  2075 | D:3      | Reached skill level 1 in Maces & Flails
  2083 | D:3      | Reached *** piety under Trog
  2405 | D:3      | Noticed Robin
  2415 | D:3      | Killed Robin
  2531 | D:3      | Reached XP level 6. HP: 48/51 MP: 5/5
  2553 | D:3      | Noticed Sigmund
  2564 | D:3      | Killed Sigmund
  2565 | D:3      | Reached skill level 8 in Axes
  2663 | D:3      | Found a runed translucent door.
  2664 | D:3      | Noticed Crazy Yiuf
  2934 | D:3      | Killed Crazy Yiuf
  2935 | D:3      | Reached skill level 9 in Axes
  3012 | D:4      | Reached **** piety under Trog
  3100 | D:4      | Reached XP level 7. HP: 57/57 MP: 6/6
  3184 | D:4      | Noticed Blork the orc
  3191 | D:4      | Reached skill level 10 in Axes
  3196 | D:4      | Killed Blork the orc
  3595 | D:5      | Entered Level 5 of the Dungeon
  3833 | D:5      | Reached skill level 11 in Axes
  3835 | D:5      | Found a runed translucent gate.
  3835 | D:5      | Found a runed translucent gate.
  3836 | D:5      | Found a runed translucent gate.
  3837 | D:5      | Noticed everene's ghost (weakling OpDe)
  3867 | D:5      | Reached XP level 8. HP: 64/64 MP: 7/7
  3986 | D:5      | Found a snail-covered altar of Cheibriados.
  4174 | D:5      | Found a staircase to the Ecumenical Temple.
  4186 | D:5      | Reached skill level 12 in Axes
  4190 | Temple   | Entered the Ecumenical Temple
  4794 | D:5      | Killed everene's ghost
  5131 | D:6      | Noticed Grinder
  5143 | D:6      | Killed Grinder
  5144 | D:6      | Reached skill level 13 in Axes
  5381 | D:6      | Reached XP level 9. HP: 65/70 MP: 8/8
  5653 | D:7      | Found a runed translucent gate.
  5653 | D:7      | Found a runed translucent gate.
  5659 | D:7      | Noticed geeeeen's ghost (novice FeTm)
  5903 | D:7      | Found a runed translucent gate.
  5919 | D:7      | Reached skill level 14 in Axes
  6724 | D:8      | Reached skill level 5 in Fighting
  6756 | D:8      | Noticed a two-headed ogre
  6757 | D:8      | Noticed a troll
  6760 | D:8      | Noticed a cyclops
  6763 | D:8      | Killed a troll
  6767 | D:8      | Killed a two-headed ogre
  6768 | D:8      | Reached skill level 5 in Armour
  6770 | D:8      | Killed a cyclops
  6771 | D:8      | Reached XP level 10. HP: 83/83 MP: 9/9
  6919 | D:8      | Reached skill level 5 in Dodging
  6989 | D:8      | Noticed a cyclops
  6997 | D:8      | Killed a cyclops
  7241 | D:8      | Reached skill level 15 in Axes
  7253 | D:8      | Noticed a gargoyle
  7258 | D:8      | Killed a gargoyle
  8127 | D:8      | Found Qigg's General Store.
  8134 | D:8      | Bought a potion of heal wounds for 65 gold pieces
  8134 | D:8      | Bought 2 potions of curing for 78 gold pieces
  8678 | D:9      | Noticed a two-headed ogre
  8682 | D:9      | Killed a two-headed ogre
  8683 | D:9      | Reached XP level 11. HP: 94/94 MP: 10/10
  8835 | D:9      | Noticed a two-headed ogre
  8849 | D:9      | Killed a two-headed ogre
  9675 | D:10     | Entered Level 10 of the Dungeon
  9675 | D:10     | Found Viagoung's General Store.
  9676 | D:10     | Found Mihiluo's Specific Store.
  9687 | D:10     | Bought a scroll of identify for 30 gold pieces
  9706 | D:10     | Noticed a two-headed ogre
  9714 | D:10     | Killed a two-headed ogre
  9815 | D:10     | Noticed a death knight
  9815 | D:10     | Noticed an ogre mage
 10035 | D:9      | Killed a death knight
 10347 | D:10     | Killed an ogre mage
 10384 | D:10     | Noticed a two-headed ogre
 10390 | D:10     | Killed a two-headed ogre
 10433 | D:10     | Noticed a two-headed ogre
 10441 | D:10     | Killed a two-headed ogre
 10442 | D:10     | Reached skill level 16 in Axes
 10557 | D:10     | Noticed a centaur warrior
 10568 | D:10     | Noticed a two-headed ogre
 10571 | D:10     | Killed a centaur warrior
 10572 | D:10     | Reached skill level 10 in Fighting
 10573 | D:10     | Killed a two-headed ogre
 10574 | D:10     | Reached XP level 12. HP: 106/106 MP: 11/11
 10771 | D:10     | Reached skill level 10 in Armour
 11730 | D:10     | Noticed a two-headed ogre
 11742 | D:10     | Killed a two-headed ogre
 11773 | D:10     | Found a staircase to the Orcish Mines.
 12192 | D:11     | Found a staircase to the Lair.
 12195 | D:11     | Reached skill level 10 in Dodging
 12432 | D:11     | Noticed a two-headed ogre
 12437 | D:11     | Killed a two-headed ogre
 12655 | D:11     | Reached ***** piety under Trog
 13408 | D:12     | Noticed Jorgrun
 13425 | D:12     | HP: 5/110 [acid (10)]
 13427 | D:12     | Slain by Jorgrun

Illustrated notes

Levels and vault maps discovered:
D:1:      dpeg_arrival_round_c, layout_basic, serial_shops, nicolae_diamond_shop
D:2:      layout_loops_ring, dreamdust_ecumenical_altar_angels_and_demons,
          uniq_jessica, uniq_natasha
D:3:      cheibrodos_greedy_goblins, layout_loops_ring, minivault_19,
          uniq_sigmund, uniq_robin, uniq_crazy_yiuf_cottage
D:4:      layout_rooms, uniq_blork_the_orc
D:5:      layout_cave_pools, slow_altar_2, minmay_temple_entry_glass,
          gammafunk_ghost_split
D:6:      layout_rooms, serial_bayou_pond_c, kennysheep_dice, uniq_grinder
D:7:      layout_loops_ring, gammafunk_ghost_split,
          corexii_item_surrounded_by_moat, minmay_misc_feat_x
D:8:      minmay_curly_fans, layout_basic, serial_shops, nicolae_shop_crystal,
          minmay_the_grid_2x2 [minmay_the_grid_small_cups,
          minmay_the_grid_aliased_spiral, minmay_the_grid_embedded,
          minmay_the_grid_prize_four_corners_diamond_a]
D:9:      layout_layer_cave
D:10:     cheibrodos_barr_body, layout_stronghold, david_orc_1_choice,
          nicolae_specific_store, minivault_20, dk_noncrumbling_4
D:11:     layout_irregular_city, due_lair_maze_entry_diamond
D:12:     layout_small_grid, serial_rivers, chequers_serial_rivers_micro_a,
          chequers_serial_rivers_room_b, chequers_serial_rivers_large_b,
          chequers_serial_rivers_micro_c, chequers_serial_rivers_micro_a,
          small_chamber_with_monster, uniq_azrael, uniq_jorgrun
Temple:   nicolae_temple_the_god_donut

Skill      XL: |  1  2  3  4  5  6  7  8  9 10 11 12 |
---------------+-------------------------------------+-----
Axes           | 4 5 6 7 9 11 13 14 15 16 | 16.2
Maces & Flails | 2 |  2.1
Fighting       | 6 8 10 11 | 11.6
Armour         | 5 7 9 11 | 11.3
Dodging        | 4 7 9 10 | 10.5

Action                   |  1- 3 |  4- 6 |  7- 9 | 10-12 || total
-------------------------+-------+-------+-------+-------++-------
Melee: Hand axe          |    47 |    56 |       |       ||   103
       Headbutt          |     9 |    21 |    42 |   104 ||   176
       Great mace        |       |    45 |       |       ||    45
       Battleaxe         |       |    59 |   190 |   317 ||   566
       Unarmed           |       |       |       |     3 ||     3
       War axe           |       |       |       |   127 ||   127
Throw: Javelin           |       |       |     6 |    18 ||    24
Invok: Berserk           |     2 |     7 |    14 |    28 ||    51
       Trog's Hand       |       |     1 |     6 |    15 ||    22
       Brothers in Arms  |       |       |     2 |     1 ||     3
  Use: Potion            |       |       |       |     2 ||     2
 Stab: Sleeping          |     1 |       |       |       ||     1
       Distracted        |       |       |     1 |       ||     1
Armor: Animal skin       |     5 |       |       |       ||     5
       Scale mail        |     7 |    74 |    73 |       ||   154
       Plate armour      |       |       |       |   255 ||   255
Dodge: Dodged            |    23 |   104 |    85 |   148 ||   360
Block: Other             |       |       |       |    56 ||    56
       Reflection        |       |       |       |     5 ||     5
